 Dungeon Crawl Stone Soup version 0.23.1-37-gaa34b87b72 (webtiles) character file.

Game seed: 17974631014634304740

28 Morbidden the Slasher (level 3, 27/27 HPs)
             Began as a Demonspawn Gladiator on Mar 24, 2019.
             Quit the game on level 1 of the Dungeon.
             The game lasted 00:01:30 (631 turns).

Morbidden the Slasher (Demonspawn Gladiator)         Turns: 631, Time: 00:01:31

Health: 27/27      AC: 13    Str: 15    XL:     3   Next: 0%
Magic:  3/3        EV: 13    Int:  9    God:
Gold:   19         SH:  0    Dex: 14    Spells: 2/2 levels left

rFire    . . .     SeeInvis .   b - +1 short sword (protect)
rCold    . . .     Gourm    .   (no shield)
rNeg     . . .     Faith    .   g - +0 leather armour
rPois    .         Spirit   .   c - +0 helmet
rElec    .         Reflect  .   (no cloak)
rCorr    .         Harm     .   (no gloves)
MR       .....                  (no boots)
Stlth    +.........             (no amulet)
HPRegen  0.09/turn              (no ring)
MPRegen  0.08/turn              (no ring)

@: protection aura
A: claws 1, yellow scales 1
a: no special abilities


You were on level 1 of the Dungeon.
You were not hungry.

You visited 1 branch of the dungeon, and saw 1 of its levels.

You collected 19 gold pieces.

Inventory:

Hand Weapons
 a - a +0 long sword
 b - a +1 short sword of protection (weapon)
Missiles
 d - 3 throwing nets (quivered)
Armour
 c - a +0 helmet (worn)
 g - a +0 leather armour (worn)
Scrolls
 e - a scroll of immolation {unknown}
 h - a scroll of identify {unknown}
Comestibles
 f - 2 rations


   Skills:
 * Level 2.0 Fighting
 * Level 0.7(2.2) Short Blades
 * Level 3.4(3.5) Long Blades
 - Level 1.7 Throwing
 + Level 2.9 Dodging


You had 2 spell levels left.
You didn't know any spells.
Your spell library was empty.

Dungeon Overview and Level Annotations

Branches:
Dungeon (1/15)

Altars:


Innate Abilities, Weirdness & Mutations

You have sharp fingernails.
You are partially covered in yellow scales. (AC +2)


Message History

Your weapon exudes an aura of protection.
The hobgoblin is heavily wounded.
The hobgoblin closely misses you.
You closely miss the hobgoblin.
The hobgoblin is moderately wounded.
The hobgoblin closely misses you.
A hobgoblin is nearby!
You hit the hobgoblin.
You kill the hobgoblin!
You have reached level 3!
Your experience leads to an increase in your attributes!
Increase (S)trength, (I)ntelligence, or (D)exterity?
You feel stronger.
Your demonic ancestry asserts itself...
Your fingernails lengthen.
Unknown command.
Quiver which item? (- for none, * to show all) (? for menu, Esc to quit)
Okay, then.
Unknown command.
Unknown command.
Are you sure you want to abandon this character and quit the game? (Confirm with "yes".)

#.......# #.#####.# .# #.# #.# .#
#.# #.# .# #.# #.# .# #.# #.# .#
.# ### #.# #.# #.# .# #..
#.#####.####†###.# #.#
#.#.....)).@.....# #.# ###
##.#..##.#####.#..###.### #
#.###.................#.....#.#
.#...............###.##.#.#.#.#
###.#...............†.........#
.#.###.#.......#.###)##.#.#.####
#..# #.#.......##..............#
#..###.#..#.######.#.####.####.##
.......#.............# #........


There were no monsters in sight!

Vanquished Creatures
  An ooze (D:1)
  A dart slug (D:1)
  2 leopard geckos (D:1)
  A goblin (D:1)
  5 hobgoblins (D:1)
  3 jackals (D:1)
  A ball python (D:1)
  A bat (D:1)
  2 frilled lizards (D:1)
  A kobold (D:1)
  A rat (D:1)
19 creatures vanquished.

Notes
Turn   | Place    | Note
-------+----------+-------------------------------------------
     0 | D:1      | Morbidden the Demonspawn Gladiator began the quest for the
                  | Orb.
     0 | D:1      | Reached XP level 1. HP: 16/16 MP: 1/1
    39 | D:1      | Reached skill level 3 in Long Blades
    65 | D:1      | Gained mutation: You are partially covered in yellow
                  | scales. (AC +2) [demonic ancestry]
    65 | D:1      | Reached XP level 2. HP: 11/22 MP: 2/2
   630 | D:1      | Gained mutation: You have sharp fingernails. [demonic
                  | ancestry]
   630 | D:1      | Reached XP level 3. HP: 27/27 MP: 3/3
   631 | D:1      | Quit the game

Skill      XL: |  1 |
---------------+----+-----
Long Blades    | 3 |  3.4
Fighting       | |  2.0
Short Blades   | |  0.7
Throwing       | |  1.7
Dodging        | |  2.9

Action                   || total
-------------------------++-------
Melee: Long sword        ||    15
       Short sword       ||    50
 Stab: Sleeping          ||     1
Armor: Leather armour    ||    30
Dodge: Dodged            ||    49
       Rpst.: Long sword ||     1
